 Dungeon Crawl Stone Soup version 0.14-a0-953-g9e7f188 (webtiles) character file.

188 Jenx the Cudgeler (level 4, 0/35 HPs)
             Began as a Djinni Fighter on Nov 20, 2013.
             Slain by Crazy Yiuf
             ... wielding a +4,+4 quarterstaff of chaos
              (6 damage)
             ... on Level 2 of the Dungeon.
             The game lasted 00:05:39 (1309 turns).

Jenx the Cudgeler (Djinni Fighter)                  Turns: 1309, Time: 00:05:40

HP   0/35        AC  9     Str 17      XL: 4   Next: 29%
MP   0/0         EV  6     Int  9      God:
Gold 100         SH 20     Dex 12      Spells:  0 memorised,  3 levels left

Res.Fire  : + + +   See Invis. : .   v - +0,+2 whip (pain)
Res.Cold  : x . .   Warding    : .   b - +0 scale mail
Life Prot.: + + +   Conserve   : .   j - +2 elf shield
Res.Poison: .       Res.Corr.  : .   e - +0 golden helmet
Res.Elec. : .       Clarity    : .   (no cloak)
Sust.Abil.: . .     Spirit.Shd : .   l - +0 pair of gauntlets
Res.Mut.  : .       Stasis     : .   (boots unavailable)
Res.Rott. : .       Flight     : +   (no amulet)
Saprovore : . . .                    (no ring)
                                     (no ring)

@: invisible (expiring), flying, quite poisoned, very slightly contaminated,
slowed, very slow, slightly resistant to hostile enchantments, extremely
unstealthy
A: fire immunity, cold vulnerability, life protection 3
a: no special abilities


You were on level 2 of the Dungeon.
You were not hungry.

You visited 1 branch of the dungeon, and saw 2 of its levels.

You collected 100 gold pieces.

Inventory:

Hand weapons
 a - a +0,+0 mace
 p - a +0,+0 dire flail
 v - a +0,+2 whip of pain (weapon)
Missiles
 g - 3 sling bullets of flame
Armour
 b - a +0 scale mail (worn)
 e - a +0 golden helmet (worn)
 j - a +2 elven shield (worn)
 l - a +0 pair of gauntlets (worn)
Magical devices
 w - a wand of teleportation (0)
Comestibles
 c - a choko
 k - a banana
 t - an apple
Scrolls
 i - a scroll of curse weapon {unknown}
 n - a scroll of noise {unknown}
 o - 2 scrolls of remove curse {unknown}
 r - 3 scrolls of identify {unknown}
 s - 2 scrolls of teleportation {unknown}
 x - a scroll of fog {unknown}
Jewellery
 f - a cursed amulet of resist corrosion {unknown}
 u - an uncursed ring of poison resistance {unknown}
Potions
 d - 2 potions of heal wounds {unknown}
 h - a potion of cure mutation {unknown}
 m - a potion of speed {unknown}
 q - a potion of mutation {unknown}
 z - a potion of restore abilities {unknown}


   Skills:
 - Level 2.6 Fighting
 + Level 4.6 Maces & Flails
 - Level 3.2 Armour
 - Level 3.0 Shields


You had 3 spell levels left.
You didn't know any spells.

Dungeon Overview and Level Annotations

Branches:
Dungeon (2/16)

Altars:

Annotations:
D:2 Crazy Yiuf


Innate Abilities, Weirdness & Mutations

You are immune to all types of fire, even holy and hellish.
You are vulnerable to cold.
You need no food.
You have no legs.
You are immune to negative energy.


Message History

Crazy Yiuf is heavily wounded.
You feel sick. You block Crazy Yiuf's attack.
You hit Crazy Yiuf.
Crazy Yiuf is severely wounded.
You feel sick. You block Crazy Yiuf's attack.
You hit Crazy Yiuf.
Crazy Yiuf is almost dead.
You flicker for a moment.
Crazy Yiuf hits you with a quarterstaff of chaos!
You hit Crazy Yiuf.
Crazy Yiuf is almost dead.
You feel sick. You block Crazy Yiuf's attack.
You miss Crazy Yiuf.
Crazy Yiuf is almost dead.
Crazy Yiuf hits you but does no damage.
You are more poisoned.
Crazy Yiuf hits you with a quarterstaff of chaos!
* * * LOW HITPOINT WARNING * * *
Crazy Yiuf freezes you!
You die...

#.# #.####.# #. #.#
#......# #. #.#
#.####.# #. #.# ###
### ## #.# #.######
#♣♣♣ #......#####♣♣♣♣
#####.##....♣♣♣♣ .
#.....@g.....♣♣♣♣...g.
#.######......♣g.♣ #.#
##....♣.♣♣♣ #.#
###♣♣♣♣♣♣ #.# #♣♣♣♣♣♣
#.# ### #.# #.(
########.## #####..
#....##...#####
#......


You could see Crazy Yiuf.

Vanquished Creatures
  Ijyb (D:2)
  2 adders (D:2)
  A giant mite (D:1)
  A worm (D:2)
  An ooze (D:1)
  7 bats
  4 giant cockroaches
  10 hobgoblins
  4 kobolds
  A ball python (D:2)
  6 giant newts
  3 rats (D:1)
41 creatures vanquished.

Notes
Turn   | Place    | Note
--------------------------------------------------------------
     0 | D:1      | Jenx, the Djinni Fighter, began the quest for the Orb.
     0 | D:1      | Reached XP level 1. HP: 16/16 MP: 0/0
   118 | D:1      | Reached XP level 2. EP: 19/22
   484 | D:1      | Reached XP level 3. EP: 26/28
   827 | D:2      | Reached skill level 4 in Maces & Flails
   835 | D:2      | Noticed Ijyb
  1078 | D:2      | Killed Ijyb
  1078 | D:2      | Reached XP level 4. EP: 32/35
  1283 | D:2      | Noticed Crazy Yiuf
  1309 | D:2      | Slain by Crazy Yiuf

Action                   |  1- 3 |  4- 6 || total
-------------------------+-------+-------++-------
Melee: Mace              |   128 |     2 ||   130
       Whip              |       |    33 ||    33
